 Dungeon Sprint DCSS version 0.31-a0-931-g7b59d4eb97 (webtiles) character file.

Game seed: 8783374467251243845

746 sircluck the Grappler (level 7, -9/81 HPs)
             Began as a Troll Berserker on Oct 19, 2023.
             Was a High Priest of Trog.
             Mangled by a komodo dragon (24 damage)
             ... in the Dungeon (Sprint VII: "The Pits").
             The game lasted 00:02:55 (436 turns).

sircluck the Grappler (Troll Berserker)              Turns: 436, Time: 00:02:56

Health: -9/81      AC:  4    Str: 28    XL:     7   Next: 48%
Magic:  6/6        EV: 12    Int:  3    God:    Trog [*****.]
Gold:   0          SH:  0    Dex:  9    Spells: 6/6 levels left

rFire   . .          .
                       - Unarmed
rCold   . . .        (no shield)
rNeg    . . .        a - +0 animal skin
rPois   .            (helmet restricted)
rElec   .            (no cloak)
rCorr   .            (gloves unavailable)
SInv    .            (boots unavailable)
Will    .....        (no amulet)
Stlth   +            (no ring)
HPRegen 1.13/turn    (no ring)
MPRegen 0.10/turn

%: no teleportation
@: on berserk cooldown, slowed, very slow
A: large, unfitting armour, claws 3, regeneration 1, shaggy fur 1, tough skin 1
a: Renounce Religion, Berserk, Trog's Hand, Brothers in Arms


You were in the Dungeon.
You worshipped Trog.
Trog was extremely pleased with you.
You visited 1 branch

Inventory:

Armour
 a - a +0 animal skin (worn)
Scrolls
 g - a scroll of blinking
 i - 2 scrolls of vulnerability
 j - a scroll of summoning
Potions
 b - 6 potions of curing
 c - 5 potions of heal wounds
 d - a potion of haste
 e - 4 potions of magic
 f - 3 potions of berserk rage
 h - 2 potions of invisibility


   Skills:
 + Level 8.5 Fighting
 + Level 8.4 Dodging
 + Level 10.0 Unarmed Combat


You had 6 spell levels left.
You didn't know any spells.
Your spell library was empty.

Dungeon Overview and Level Annotations

Branches:
Dungeon (1/1)

Altars:
Ashenzari
Cheibriados
Dithmenos
Elyvilon
Fedhas
Gozag
Hepliaklqana
Kikubaaqudgha
Makhleb
Nemelex Xobeh
Okawaru
Qazlal
Ru
Sif Muna
Trog
Uskayaw
Vehumet
Wu Jian
Xom
Yredelemnul
Zin
The Shining One
Jiyva
Lugonu


Innate Abilities, Weirdness & Mutations

You are too large for most types of armour.
You have claws for hands.
Your natural rate of healing is unusually fast.
You are covered in fur. (AC +1)
You have tough skin. (AC +1)


Message History

Your limbs are stiffening.
Unknown command.
You barely miss the komodo dragon.
A worm comes into view.
You closely miss the komodo dragon. The komodo dragon bites you.
You have turned to stone.
The komodo dragon bites you.
The komodo dragon hisses menacingly.
The komodo dragon bites you! The komodo dragon bites you!!
You are no longer berserk.
You feel yourself slow down. The komodo dragon bites you!!
The komodo dragon bites you!! The komodo dragon bites you.
The komodo dragon bites you but does no damage.
You turn to flesh and can move again.
Unknown command.
Unknown command.
Unknown command.
You scratch the komodo dragon.
The komodo dragon is lightly wounded.
The komodo dragon bites you.
You barely miss the komodo dragon.
You claw the komodo dragon, but do no damage.
The komodo dragon is lightly wounded.
The komodo dragon barely misses you. The komodo dragon bites you.
You mangle the komodo dragon!!
The komodo dragon is heavily wounded.
The komodo dragon misses you.
You scratch the komodo dragon.
The komodo dragon is severely wounded.
The komodo dragon bites you!
You barely miss the komodo dragon.
The komodo dragon is severely wounded.
The komodo dragon bites you!!
* * * LOW HITPOINT WARNING * * *
You scratch the komodo dragon.
The komodo dragon is severely wounded.
The komodo dragon bites you!!
You die...

#.#..'...#.##.......#
#.#..'...).##.......#
#.#..########...<...#
#)#..'[))).##.......#
#)#..#[))).##.......#
#'###########.......#
#..#.#.##..##########
#.......#.##
##.#.#.##@#
#.......#l#
##.#.#.##l'....+
#.......#'#...l#
##.#.#..'.#....#
########## ####


You could see a komodo dragon and a basilisk.

Vanquished Creatures
  A flying skull (D)
  A fire bat (D)
  2 water moccasins (D)
  A centaur (D)
  A gnoll sergeant (D)
  An iron imp (D)
  5 gnolls (D)
  2 white imps (D)
  A worm (D)
  4 goblins (D)
  2 hobgoblins (D)
  2 jackals (D)
  A frilled lizard (D)
  2 quokka skeletons (D)
26 creatures vanquished.

Notes
Turn   | Place    | Note
-------+----------+-------------------------------------------
     0 | D        | sircluck the Troll Berserker began the quest for the Orb.
     0 | D        | Reached XP level 1. HP: 22/22 MP: 0/0
    21 | D        | Found a bloodstained altar of Trog.
    21 | D        | Found a shimmering blue altar of Sif Muna.
    21 | D        | Found a viscous altar of Jiyva.
    21 | D        | Found a hazy altar of Hepliaklqana.
    21 | D        | Found an opulent altar of Gozag.
    22 | D        | Found a glowing golden altar of the Shining One.
    22 | D        | Found a glowing silver altar of Zin.
    22 | D        | Found a basalt altar of Yredelemnul.
    22 | D        | Found a shimmering altar of Xom.
    22 | D        | Found an ornate altar of the Wu Jian Council.
    22 | D        | Found a sacrificial altar of Ru.
    22 | D        | Found a stormy altar of Qazlal.
    22 | D        | Found an iron altar of Okawaru.
    22 | D        | Found a sparkling altar of Nemelex Xobeh.
    22 | D        | Found a burning altar of Makhleb.
    22 | D        | Found a blossoming altar of Fedhas.
    22 | D        | Found a white marble altar of Elyvilon.
    22 | D        | Found a shadowy altar of Dithmenos.
    22 | D        | Found a snail-covered altar of Cheibriados.
    26 | D        | Found a corrupted altar of Lugonu.
    26 | D        | Found a radiant altar of Vehumet.
    27 | D        | Found a broken altar of Ashenzari.
    27 | D        | Found an ancient bone altar of Kikubaaqudgha.
    27 | D        | Found a hide-covered altar of Uskayaw.
    74 | D        | Reached ** piety under Trog
    92 | D        | Reached *** piety under Trog
   107 | D        | Reached XP level 2. HP: 30/31 MP: 1/1
   109 | D        | Reached skill level 4 in Unarmed Combat
   196 | D        | Noticed a gnoll sergeant
   209 | D        | Reached **** piety under Trog
   210 | D        | Reached XP level 3. HP: 36/39 MP: 2/2
   216 | D        | Reached skill level 5 in Unarmed Combat
   217 | D        | Noticed a centaur
   222 | D        | Reached ***** piety under Trog
   225 | D        | Killed a centaur
   226 | D        | Reached skill level 5 in Fighting
   226 | D        | Reached skill level 5 in Dodging
   226 | D        | Reached skill level 6 in Unarmed Combat
   226 | D        | Reached XP level 4. HP: 22/50 MP: 3/3
   258 | D        | Noticed a fire bat
   261 | D        | Reached XP level 5. HP: 45/57 MP: 4/4
   272 | D        | Reached skill level 7 in Unarmed Combat
   274 | D        | Killed a fire bat
   275 | D        | Reached skill level 8 in Unarmed Combat
   275 | D        | Reached XP level 6. HP: 24/71 MP: 5/5
   276 | D        | Received a gift from Trog
   349 | D        | Noticed a flying skull
   353 | D        | Killed a flying skull
   354 | D        | Reached skill level 9 in Unarmed Combat
   357 | D        | Noticed a water moccasin
   357 | D        | Noticed a water moccasin
   361 | D        | Reached XP level 7. HP: 79/79 MP: 6/6
   369 | D        | Reached skill level 10 in Unarmed Combat
   411 | D        | Noticed a basilisk
   411 | D        | Noticed a komodo dragon
   436 | D        | Mangled by a komodo dragon

Illustrated notes

Levels and vault maps discovered:
D:        pitsprint [storerooms_1, entrance_room_1, metal_vault_8, armoury_3,
          mini_pit_1, grid_room_1, main_hall_1, silver_pit, the_coven_3,
          the_vestibule_1, steel_vault_4, golden_pit, hallway_of_sentries,
          crystal_vault_4, iron_vault_3, final_vault]

Skill      XL: |  1  2  3  4  5  6  7 |
---------------+----------------------+-----
Fighting       | 3 5 7 8 |  8.5
Dodging        | 3 5 6 7 8 |  8.4
Unarmed Combat | 4 6 8 9 10 | 10.0

Action                     |  1- 3 |  4- 6 |  7- 9 || total
---------------------------+-------+-------+-------++-------
  Melee: Unarmed           |    34 |    20 |    21 ||    75
         Punch             |       |     1 |     1 ||     2
 Invoke: Berserk           |       |     1 |     1 ||     2
    Use: Potion            |     1 |       |       ||     1
 Armour: Animal skin       |    20 |    15 |    18 ||    53
  Dodge: Dodged            |    17 |     9 |     5 ||    31

Table legend: (Time is in decaauts)
 A = Elapsed time spent in this place.
 B = Non-inter-level travel time spent in this place.
 C = Inter-level travel time spent in this place.
 D = Time resting spent in this place.
 E = Time spent auto-exploring this place.
 F = Levels seen in this place.
 G = Mean time per level.
                   A        B        C        D        E       F      G
               +--------+--------+--------+--------+--------+-----+--------+
         Total |    441 |    441 |      0 |     96 |     83 |   1 |  441.0 |
       Dungeon |    441 |    441 |      0 |     96 |     83 |   1 |  441.0 |
               +--------+--------+--------+--------+--------+-----+--------+

Top non-repeatable levels by time:
       D: 441 daAuts
